 Dungeon Crawl Stone Soup version 0.31-a0-654-gbe3e110b4e (webtiles) character file.

Game seed: 4046479931406867118

54985 cforsyth the Prestidigitator (level 14, -1/99 HPs)
             Began as a Gnoll Artificer on Aug 29, 2023.
             Was a High Priest of Hepliaklqana.
             Killed from afar by a starcursed mass (8 damage)
             ... with an accursed screaming
             ... on level 3 of the Abyss.
             The game lasted 00:40:26 (30130 turns).

cforsyth the Prestidigitator (Gnoll Artificer)     Turns: 30130, Time: 00:40:26

Health: -1/99      AC: 13    Str: 11    XL:     14   Next: 75%
Magic:  27/27      EV: 15    Int: 16    God:    Hepliaklqana [*****.]
Gold:   900        SH:  9    Dex: 16    Spells: 32/32 levels left

rFire   . . .        C - +2 broad axe (flame)
rCold   + . .        c - +2 buckler
rNeg    . . .        F - +0 ring mail of Eggux {rC+ rCorr}
rPois   +            q - +2 helmet
rElec   .            (no cloak)
rCorr   +            n - +1 pair of gloves {Dex+3}
SInv    .            (no boots)
Will    +....        i - amulet of the acrobat
Stlth   ++++         M - ring of resist corrosion
HPRegen 0.36/turn    d - ring of poison resistance
MPRegen 0.20/turn

%: acrobat
@: about to teleport
A: reduced essence, fangs 1, strong nose, distributed training
a: Renounce Religion, Recall Ancestor, Ancestor Identity, Transference, Idealise


You were on level 3 of the Abyss.
You worshipped Hepliaklqana.
Hepliaklqana was extremely pleased with you.
You visited 3 branches of the dungeon, and saw 19 of its levels.
You visited the Abyss 2 times.

You collected 1045 gold pieces.
You spent 145 gold pieces at shops.

Inventory:

Hand Weapons
 a - a +0 club
 o - a +0 dagger of electrocution
 C - a +2 broad axe of flaming (weapon)
 N - a +4 short sword
 O - a +2 short sword of freezing
Missiles
 L - 2 throwing nets
Armour
 b - a +0 leather armour
 c - a +2 buckler (worn)
 e - a +1 chain mail
 n - a +1 pair of gloves of dexterity (worn)
 q - a +2 helmet (worn)
 r - a +2 leather armour of fire resistance
 F - the +0 ring mail of Eggux (worn) {rC+ rCorr}
   (You found it on level 6 of the Dungeon)

   rC+:       It protects you from cold.
   rCorr:     It protects you from acid and corrosion.
Jewellery
 d - a ring of poison resistance (right hand)
 i - an amulet of the acrobat (around neck)
 p - an amulet of guardian spirit
 J - a ring of fire
 M - a ring of resist corrosion (left hand)
Wands
 D - a wand of polymorph (7)
 P - a wand of paralysis (7)
 Q - a wand of flame (7)
 V - a wand of mindburst (1)
Scrolls
 f - 2 scrolls of amnesia
 g - 5 scrolls of enchant armour {unknown}
 j - 4 scrolls of poison
 s - 3 scrolls of revelation {unknown}
 t - 2 scrolls of enchant weapon
 v - 2 scrolls of blinking
 w - 2 scrolls of vulnerability {unknown}
 y - a scroll of butterflies {unknown}
 E - 4 scrolls of fear {unknown}
 G - a scroll of silence
 H - 2 scrolls of noise {unknown}
 I - a scroll of fog
 R - 3 scrolls of teleportation
 U - a scroll of torment {unknown}
 W - a scroll of immolation
Potions
 h - 8 potions of enlightenment
 k - 2 potions of resistance
 l - 5 potions of attraction
 m - 2 potions of might
 u - 2 potions of heal wounds
 x - 3 potions of haste
 z - 2 potions of brilliance
 A - 7 potions of curing
 B - 3 potions of berserk rage
 K - a potion of cancellation
 S - 2 potions of mutation
 X - a potion of lignification
 Y - a potion of ambrosia


   Skills:
 + Level 10.0 Fighting
 + Level 9.6 Short Blades
 + Level 9.6 Long Blades
 + Level 9.6 Axes
 + Level 9.6 Maces & Flails
 + Level 9.6 Polearms
 + Level 9.6 Staves
 + Level 9.6 Ranged Weapons
 + Level 9.6 Throwing
 + Level 10.7 Armour
 + Level 10.0 Dodging
 + Level 10.0 Stealth
 + Level 9.6 Shields
 + Level 9.6 Unarmed Combat
 + Level 9.6 Spellcasting
 + Level 8.1 Conjurations
 + Level 8.1 Hexes
 + Level 8.1 Summonings
 + Level 8.1 Necromancy
 + Level 8.1 Translocations
 + Level 8.1 Transmutations
 + Level 8.1 Fire Magic
 + Level 8.1 Ice Magic
 + Level 8.1 Air Magic
 + Level 8.1 Earth Magic
 + Level 8.1 Poison Magic
 + Level 10.5 Invocations
 + Level 11.6 Evocations
 + Level 8.8 Shapeshifting


You had 32 spell levels left.
You didn't know any spells.
Your spell library contained the following spells:

 Spells                   Type           Power      Damage    Failure   Level
 Apportation              Tloc           66%        N/A       1%          1
 Cigotuvi's Dreadful Rot  Necr/Pois/Air  66%        N/A       1%          2
 Hailstorm                Conj/Ice       33%        3d8       2%          3
 Stone Arrow              Conj/Erth      66%        3d11      2%          3
 Animate Armour           Summ/Erth      66%        N/A       9%          4
 Dispel Undead            Necr           33%        3d14      9%          4
 Summon Ice Beast         Ice/Summ       33%        N/A       9%          4
 Alistair's Intoxication  Tmut/Pois      22%        N/A       24%         5
 Summon Forest            Summ/Tloc      16%        N/A       24%         5
 Summon Mana Viper        Hex/Summ       33%        N/A       24%         5
 Conjure Ball Lightning   Conj/Air       16%        3x3d6     78%         6
 Death Channel            Necr           16%        N/A       78%         6
 Simulacrum               Ice/Necr       16%        N/A       78%         6
 Summon Cactus Giant      Summ           16%        N/A       78%         6
 Monstrous Menagerie      Summ           16%        N/A       100%        7
 Discord                  Hex            16%        N/A       100%        8
 Disjunction              Tloc           16%        N/A       100%        8
 Lehudib's Crystal Spear  Conj/Erth      16%        10d5      100%        8


Dungeon Overview and Level Annotations

Branches:
Dungeon (13/15)            Temple (1/1) D:4            Lair (5/5) D:9
 Shoals (0/4) Lair:2       Spider (0/4) Lair:3        Slime (0/5) Lair:5
    Orc (0/2) D:9
 Vaults: D:13-14

Altars:
Ashenzari
Cheibriados
Dithmenos
Elyvilon
Fedhas
Gozag
Hepliaklqana
Kikubaaqudgha
Makhleb
Nemelex Xobeh
Okawaru
Qazlal
Ru
Sif Muna
Trog
Uskayaw
Vehumet
Wu Jian
Xom
Yredelemnul
Zin
The Shining One
Jiyva

Shops:
D:3 *   D:5 !   D:7 *   D:10 *

Annotations:
D:7 Plaidstone's ghost, novice DrCA
D:9 exclusion: statue
Lair:5 1 runed translucent door, MrSquiggles's ghost, journeyman MiFi


Innate Abilities, Weirdness & Mutations

Your life essence is reduced to manifest your ancestor. (-10% HP)
You have very sharp teeth.
Your uncanny sense of smell can sniff out nearby items.
Your experience applies equally to all skills.


Message History

A starcursed mass splits.
Something touches Shatu-murrim!
As you read the scroll of fog, it dissolves into smoke.
Shatu-murrim is recalled.
You hit the starcursed mass but do no damage.
Shatu-murrim hits the starcursed mass with a +0 quarterstaff.
The starcursed mass shudders and withdraws towards its neighbour.
You hit the starcursed mass. You burn the starcursed mass.
The starcursed mass is lightly damaged.
The starcursed mass shudders and is absorbed by its neighbour.
Shatu-murrim gestures at the starcursed mass while chanting.
The stone arrow hits the starcursed mass.
You slash the starcursed mass! You burn the starcursed mass.
The starcursed mass is moderately damaged.
The starcursed mass shudders and withdraws towards its neighbour.
A chorus of shrieks assaults your mind.
* * * LOW HITPOINT WARNING * * *
You slash the starcursed mass! You burn the starcursed mass!
The starcursed mass is heavily damaged.
The starcursed mass shudders and is absorbed by its neighbour.
A starcursed mass splits. x2
A chorus of shrieks assaults your mind.
* * * LOW HITPOINT WARNING * * *
Shatu-murrim hits the starcursed mass with a +0 quarterstaff!
The starcursed mass is destroyed!
You hit the starcursed mass. You burn the starcursed mass.
The starcursed mass is heavily damaged.
A chorus of shrieks assaults your mind.
* * * LOW HITPOINT WARNING * * *
A starcursed mass splits.
The starcursed mass touches Shatu-murrim but does no damage.
You hit the starcursed mass. You burn the starcursed mass.
The starcursed mass is heavily damaged.
You hit the starcursed mass but do no damage.
The starcursed mass shudders and is absorbed by its neighbour.
Shatu-murrim gestures at the starcursed mass while chanting.
The puff of frost hits the starcursed mass.
The starcursed mass shudders and is absorbed by its neighbour.
The starcursed mass barely misses Shatu-murrim.
A chorus of shrieks assaults your mind.
You die...

X. ##.
#.## #R.#
#.## #..§#
#.§X#
.....§#§#
#..#.§#@#
.....§XXR#
. .#.§§X##
.. #§§###
.## .X.
.#. .


You could see the friendly Shatu-murrim the battlemage and 4 starcursed masses.

Vanquished Creatures
  A hydra (D:10)
  Erolcha (D:10)
  A catoblepas (Lair:2)
  2 boulder beetles
  3 two-headed ogres
  Erica (D:8)
  2 death yaks (Lair:4)
  Sonja (Lair:5)
  A wretched star (Abyss:3)
  A large abomination (Lair:5)
  A wizard (D:10)
  3 harpies (Lair:2)
  An ugly thing (D:12)
  A cyclops (D:11)
  2 manticores
  9 elephants
  3 black mambas
  5 cane toads
  Maggie (D:6)
  A rime drake (Lair:3)
  A yaktaur (D:10)
  5 komodo dragons
  2 polar bears (Lair:4)
  A meliai (shapeshifter) (Lair:5)
  2 trolls
  A hornet (D:9)
  11 blink frogs
  3 raiju (Abyss:3)
  A jumping spider (Lair:3)
  3 slime creatures (D:12)
  Sigmund (D:2)
  3 shadows
  4 wyverns
  16 yaks
  3 vampires
  2 wraiths
  2 ynoxinuls
  A basilisk (D:10)
  Edmund (D:6)
  5 vampire mosquitoes (D:11)
  5 steam dragons
  6 water moccasins
  Duvessa (D:5)
  3 acid dragons
  4 ice beasts (D:6)
  9 orc warriors
  A black bear (D:6)
  A sky beast (D:7)
  6 centaurs
  2 ogres (D:5)
  5 wolves
  A phantom (D:4)
  12 bullfrogs
  2 kobold brigands
  3 small abominations
  2 gnoll sergeants
  2 scorpions
  9 wights
  Dowan (D:5)
  2 killer bees (D:10)
  4 howler monkeys
  3 jellies
  6 hounds
  3 orc priests
  2 sleepcaps
  8 iguanas
  4 orc wizards
  2 killer bee zombies (D:7)
  Robin (D:2)
  6 gnolls
  7 adders
  9 river rats (D:6)
  2 ufetubi (D:5)
  A worm (D:3)
  4 dart slugs
  25 orcs
  6 ball pythons
  10 bats
  9 endoplasms
  2 giant cockroaches (D:4)
  10 hobgoblins
  8 jackals
  12 kobolds
  10 quokkas
  5 frilled lizards
  18 goblins
  33 rats
396 creatures vanquished.

Vanquished Creatures (collateral kills)
  A tentacled starspawn (Abyss:3)
  A hydra (Lair:5)
  A rakshasa (Abyss:3)
  A spriggan skeleton (Abyss:3)
  A catoblepas (Lair:4)
  A two-headed ogre (D:11)
  A pharaoh ant (Lair:3)
  A harpy (Lair:2)
  A manticore (D:11)
  An ugly thing (D:11)
  6 elephants
  A black mamba (Lair:3)
  4 cane toads
  3 rime drakes
  2 unseen horrors
  6 komodo dragons
  2 polar bears
  A raiju (Lair:5)
  12 blink frogs
  3 slime creatures (D:12)
  A wraith (D:12)
  6 yaks
  5 basilisks
  A redback (Lair:3)
  2 acid dragons
  6 water moccasins
  2 orc warriors
  6 wolves
  A centaur (D:10)
  3 bullfrogs
  2 small abominations (Lair:5)
  An electric eel (Lair:2)
  A starcursed mass (Abyss:3)
  2 orc priests
  2 orc wizards (D:10)
  3 orcs
94 creatures vanquished.

Vanquished Creatures (others)
  A hydra (D:9)
  A troll (D:10)
  A shadow (D:10)
  7 battlemagi
  9 ancestors
  An orc wizard (D:9)
  2 starspawn tentacles (Abyss:3)
22 creatures vanquished.

Grand Total: 512 creatures vanquished

Notes
Turn   | Place    | Note
-------+----------+-------------------------------------------
     0 | D:1      | cforsyth the Gnoll Artificer began the quest for the Orb.
     0 | D:1      | Reached XP level 1. HP: 17/17 MP: 1/1
   172 | D:1      | Reached XP level 2. HP: 22/23 MP: 2/2
   722 | D:1      | Reached XP level 3. HP: 16/28 MP: 3/3
  1156 | D:1      | Reached skill level 1 in Invocations
  1392 | D:2      | Reached skill level 1 in Short Blades
  1392 | D:2      | Reached skill level 1 in Long Blades
  1392 | D:2      | Reached skill level 1 in Axes
  1392 | D:2      | Reached skill level 1 in Maces & Flails
  1392 | D:2      | Reached skill level 1 in Polearms
  1392 | D:2      | Reached skill level 1 in Staves
  1392 | D:2      | Reached skill level 1 in Ranged Weapons
  1392 | D:2      | Reached skill level 1 in Throwing
  1392 | D:2      | Reached skill level 1 in Shields
  1392 | D:2      | Reached skill level 1 in Unarmed Combat
  1392 | D:2      | Reached skill level 1 in Spellcasting
  1490 | D:2      | Reached XP level 4. HP: 20/34 MP: 5/5
  1589 | D:2      | Reached skill level 1 in Shapeshifting
  1895 | D:2      | Found a shimmering altar of Xom.
  1928 | D:2      | Noticed Robin
  1952 | D:2      | Killed Robin
  1953 | D:2      | Reached skill level 1 in Conjurations
  1953 | D:2      | Reached skill level 1 in Hexes
  1953 | D:2      | Reached skill level 1 in Summonings
  1953 | D:2      | Reached skill level 1 in Necromancy
  1953 | D:2      | Reached skill level 1 in Translocations
  1953 | D:2      | Reached skill level 1 in Transmutations
  1953 | D:2      | Reached skill level 1 in Fire Magic
  1953 | D:2      | Reached skill level 1 in Ice Magic
  1953 | D:2      | Reached skill level 1 in Air Magic
  1953 | D:2      | Reached skill level 1 in Earth Magic
  1953 | D:2      | Reached skill level 1 in Poison Magic
  2099 | D:2      | Noticed Sigmund
  2111 | D:2      | Killed Sigmund
  2112 | D:2      | Reached XP level 5. HP: 27/41 MP: 5/7
  2112 | D:2      | Reached XP level 6. HP: 31/47 MP: 5/8
  2389 | D:3      | Found Viykki's General Store.
  2440 | D:3      | Found a faded altar of an unknown god.
  2544 | D:3      | Reached skill level 5 in Armour
  3123 | D:3      | Found a stormy altar of Qazlal.
  3635 | D:4      | Found a staircase to the Ecumenical Temple.
  3642 | Temple   | Entered the Ecumenical Temple
  3877 | D:4      | Reached XP level 7. HP: 52/52 MP: 10/10
  3927 | D:4      | Reached skill level 7 in Evocations
  4549 | D:5      | Entered Level 5 of the Dungeon
  4709 | D:5      | Noticed Duvessa
  4712 | D:5      | Noticed Dowan
  4714 | D:5      | Killed Duvessa
  4714 | D:5      | Killed Dowan
  4766 | D:5      | Noticed a shadow
  5103 | D:5      | Reached XP level 8. HP: 44/60 MP: 12/12
  5194 | D:5      | Found an iron altar of Okawaru.
  5206 | D:5      | Found Pon Nem's Distillery.
  5283 | D:5      | Killed a shadow
  5953 | D:6      | Noticed Maggie
  5958 | D:6      | Killed Maggie
  5959 | D:6      | Reached XP level 9. HP: 67/67 MP: 13/15
  6055 | D:6      | Found a glowing golden altar of the Shining One.
  6256 | D:6      | Reached skill level 5 in Fighting
  6256 | D:6      | Reached skill level 5 in Dodging
  6387 | D:6      | Noticed Edmund
  6400 | D:6      | Killed Edmund
  6401 | D:6      | Reached skill level 5 in Stealth
  6625 | D:6      | Reached skill level 8 in Evocations
  6746 | D:6      | Found an opulent altar of Gozag.
  7006 | D:6      | Reached skill level 5 in Invocations
  7022 | D:6      | Identified the +0 ring mail of Eggux {rC+ rCorr}
  7472 | D:7      | Found a glowing silver altar of Zin.
  7493 | D:7      | Found a shadowy altar of Dithmenos.
  7512 | D:7      | Found Hufi's Assorted Antiques.
  7520 | D:7      | Bought 2 white potions for 45 gold pieces
  7520 | D:7      | Bought a scroll labelled JASAIT ENUAZ for 25 gold pieces
  7520 | D:7      | Bought a scroll labelled LOBARI RERGHYADGH for 25 gold
                  | pieces
  7520 | D:7      | Bought a scroll labelled PIEMAFROTS for 25 gold pieces
  7520 | D:7      | Bought a scroll labelled RIPPUGROG TATO for 25 gold pieces
  8216 | D:7      | Reached XP level 10. HP: 18/75 MP: 17/17
  8819 | D:7      | Found a basalt altar of Yredelemnul.
  8907 | D:8      | Reached skill level 5 in Short Blades
  8907 | D:8      | Reached skill level 5 in Long Blades
  8907 | D:8      | Reached skill level 5 in Axes
  8907 | D:8      | Reached skill level 5 in Maces & Flails
  8907 | D:8      | Reached skill level 5 in Polearms
  8907 | D:8      | Reached skill level 5 in Staves
  8907 | D:8      | Reached skill level 5 in Ranged Weapons
  8907 | D:8      | Reached skill level 5 in Throwing
  8907 | D:8      | Reached skill level 5 in Shields
  8907 | D:8      | Reached skill level 5 in Unarmed Combat
  8907 | D:8      | Reached skill level 5 in Spellcasting
  9380 | D:8      | Found a runed translucent gate.
  9381 | D:8      | Found a runed translucent gate.
  9382 | D:8      | Found a runed translucent gate.
  9384 | D:8      | Noticed Plaidstone's ghost (novice DrCA)
  9971 | D:8      | Noticed Erica
  9977 | D:8      | Killed Erica
  9978 | D:8      | Reached skill level 5 in Shapeshifting
 10234 | D:8      | Found a broken altar of Ashenzari.
 10234 | D:8      | Found a burning altar of Makhleb.
 10236 | D:8      | Found a bloodstained altar of Trog.
 10241 | D:8      | Found a hazy altar of Hepliaklqana.
 10241 | D:8      | Found a snail-covered altar of Cheibriados.
 10306 | D:8      | Became a worshipper of Hepliaklqana the Forgotten
 11033 | D:9      | Found a staircase to the Lair.
 11037 | D:9      | Found a radiant altar of Vehumet.
 11619 | D:9      | Found a staircase to the Orcish Mines.
 11969 | D:9      | Reached XP level 11. HP: 73/81 MP: 19/19
 12013 | D:9      | Noticed a two-headed ogre
 12017 | D:9      | Noticed a seven-headed hydra
 12030 | D:9      | Noticed a white ugly thing
 12739 | D:8      | Reached skill level 9 in Evocations
 12827 | D:8      | Killed a two-headed ogre
 12828 | D:8      | Reached skill level 5 in Conjurations
 12828 | D:8      | Reached skill level 5 in Hexes
 12828 | D:8      | Reached skill level 5 in Summonings
 12828 | D:8      | Reached skill level 5 in Necromancy
 12828 | D:8      | Reached skill level 5 in Translocations
 12828 | D:8      | Reached skill level 5 in Transmutations
 12828 | D:8      | Reached skill level 5 in Fire Magic
 12828 | D:8      | Reached skill level 5 in Ice Magic
 12828 | D:8      | Reached skill level 5 in Air Magic
 12828 | D:8      | Reached skill level 5 in Earth Magic
 12828 | D:8      | Reached skill level 5 in Poison Magic
 14252 | D:10     | Entered Level 10 of the Dungeon
 14252 | D:10     | Noticed Erolcha
 14255 | D:10     | Killed Erolcha
 14331 | D:10     | Reached * piety under Hepliaklqana
 14549 | D:10     | Noticed a two-headed ogre
 14557 | D:10     | Killed a two-headed ogre
 14732 | D:10     | Found a white marble altar of Elyvilon.
 14861 | D:10     | Found Coycig's Elemental Accessories.
 15888 | D:10     | Noticed a two-headed ogre
 15889 | D:10     | Noticed an eight-headed hydra
 15889 | D:10     | Noticed a wizard
 16068 | D:10     | Killed a two-headed ogre
 16167 | D:10     | Killed a five-headed hydra
 16321 | Abyss:3  | Cast into level 3 of the Abyss (a wizard)
 16325 | D:10     | Escaped the Abyss
 16329 | D:10     | Killed a wizard
 16330 | D:10     | Reached XP level 12. HP: 39/81 MP: 22/22
 18994 | D:11     | Noticed a two-headed ogre
 19007 | D:11     | Killed a two-headed ogre
 19671 | D:11     | Noticed a boulder beetle
 19698 | D:11     | Killed a boulder beetle
 19699 | D:11     | Reached skill level 10 in Evocations
 19925 | D:11     | HP: 3/82 [cyclops (25)]
 20725 | D:12     | HP: 2/82 [something (16)]
 21057 | D:12     | Noticed a boulder beetle
 21077 | D:12     | Killed a boulder beetle
 21535 | D:12     | Reached ** piety under Hepliaklqana
 21536 | D:12     | Remembered your ancestor Shatu-murrim as a battlemage
 22197 | Lair:1   | Entered Level 1 of the Lair of Beasts
 22442 | Lair:1   | Reached XP level 13. HP: 81/89 MP: 24/24
 23508 | Lair:2   | Reached *** piety under Hepliaklqana
 23931 | Lair:2   | Found a staircase to the Shoals.
 24744 | Lair:3   | Found a shadowy altar of Dithmenos.
 25010 | Lair:3   | Found a hole to the Spider Nest.
 25472 | Lair:3   | Reached **** piety under Hepliaklqana
 25765 | Lair:3   | Reached skill level 10 in Armour
 25765 | Lair:3   | Reached skill level 11 in Evocations
 26421 | Lair:4   | Reached XP level 14. HP: 58/97 MP: 25/27
 26482 | Lair:4   | HP: 1/97 [polar bear (13)]
 27728 | Lair:5   | Entered Level 5 of the Lair of Beasts
 27755 | Lair:5   | Reached skill level 10 in Invocations
 27779 | Lair:5   | Found a runed translucent door.
 27975 | Lair:5   | Noticed Sonja
 27976 | Lair:5   | Killed Sonja
 28467 | Lair:5   | Reached ***** piety under Hepliaklqana
 29166 | Lair:5   | Found a viscous altar of Jiyva.
 29166 | Lair:5   | Found a staircase to the Slime Pits.
 29360 | Lair:5   | Noticed MrSquiggles's ghost (journeyman MiFi)
 29536 | Abyss:3  | Cast into level 3 of the Abyss (spriggan)
 29805 | Abyss:3  | Found a corrupted altar of Lugonu.
 29844 | Abyss:3  | Reached skill level 10 in Fighting
 29844 | Abyss:3  | Reached skill level 10 in Dodging
 30061 | Abyss:3  | Noticed a white draconian
 30080 | Abyss:3  | Noticed a tentacled starspawn
 30086 | Abyss:3  | Noticed a cyan very ugly thing
 30086 | Abyss:3  | Noticed a cyan very ugly thing
 30086 | Abyss:3  | Noticed a cyan very ugly thing
 30110 | Abyss:3  | Noticed a tentacled starspawn
 30114 | Abyss:3  | Noticed a starcursed mass
 30115 | Abyss:3  | Killed a tentacled starspawn
 30116 | Abyss:3  | Reached skill level 10 in Stealth
 30118 | Abyss:3  | Noticed a starcursed mass
 30130 | Abyss:3  | Killed from afar by a starcursed mass

Illustrated notes

Levels and vault maps discovered:
D:1:      erik_arrival_blinker_ship, layout_loops_corners, nrook_loot_triangle
D:2:      layout_loops_cross, basic_altar, minivault_14, uniq_sigmund,
          uniq_robin
D:3:      layout_loops_corners, grunt_qazlal_clouds,
          shapermc_ecumenical_altar_venn, serial_shops,
          nicolae_shop_hallway_plus, kennysheep_minor_cross,
          minmay_fractal_squares_gapless_5
D:4:      layout_basic, minmay_temple_entry_arrows, grunt_decor_resistance,
          nrook_mini_vaults, hangedman_decor_diamond_cutter, moated_statue
D:5:      cheibrodos_barr_body, layout_loops_ring, overflow_temple_1_default,
          serial_shops, kennysheep_mini, serial_park_tiny_1, uniq_duvessa
D:6:      lemuel_ratsnest, layout_basic, lemuel_round_altar,
          mainiacjoe_overflow_surrounded_room, uniq_edmund, uniq_maggie
D:7:      layout_gridville, lemuel_zombie_altar_yredelemnul,
          overflow_temple_1_default, grunt_dithmenos_smoke, serial_shops,
          nicolae_shop_trees, enter_bailey_3
D:8:      layout_loops_corners, grunt_temple_overflow_open,
          biasface_ghost_orc_armoury, uniq_erica
D:9:      nicolae_cairo_tiling_large, layout_loops_cross, vehumet_statue,
          orc_0_dummy, minmay_pinched_square
D:10:     minmay_slanted_spiral_squares, layout_loops_ring,
          lemuel_crystal_altar, nicolae_elemental_shop, uniq_erolcha
D:11:     layout_roguey, special_room [special_room_orc], minmay_between
D:12:     layout_cave_pools
D:13:     layout_loops_cross, uniq_josephine
Temple:   pf_temple_reverse_labyrinth
Lair:1:   layout_regular_city, infiniplex_staircase_pool
Lair:2:   layout_big_grid, nicolae_shoals_entry_roost,
          nicolae_lair_grazing_beasts [nicolae_sub_lair_graze_edge,
          nicolae_sub_lair_graze_edge, nicolae_sub_lair_graze_edge,
          nicolae_sub_lair_graze_edge]
Lair:3:   layout_chaotic_city, nicolae_spider_entry_lesser_pyramids,
          st_stairs_6, lemuel_altar_in_water2,
          grunt_forest_small_clearing_treed, grunt_megastairs_5
Lair:4:   layout_cave_pods, beast_lair_carwin_9, grunt_megastairs_3
Lair:5:   hellmonk_lair_end_abyssal_woods, layout_regular_city,
          dpeg_slime_entry_enclosed, ebering_ghost_inner_flame,
          dreamdust_deal_with_the_devil, uniq_sonja
Abyss:3:  base: D:4, hangedman_abyss_exit_choices, minivault_19, base: D:9,
          evilmike_abyss_rune_tso_outpost, bh_abyss_exit_choice,
          hangedman_abyss_or_decor_clamps, evilmike_abyss_rune_tso_outpost,
          hangedman_abyss_rune_macabre_mess, onia_ninara_dug_in_and_dangerous,
          nicolae_abyss_rune_star_stuff

Skill      XL: |  1  2  3  4  5  6  7  8  9 10 11 12 13 14 |
---------------+-------------------------------------------+-----
Invocations    | 1 2 3 4 5 6 7 8 9 10 | 10.5
Short Blades   | 1 2 4 5 6 7 9 |  9.6
Long Blades    | 1 2 4 5 6 7 9 |  9.6
Axes           | 1 2 4 5 6 7 9 |  9.6
Maces & Flails | 1 2 4 5 6 7 9 |  9.6
Polearms       | 1 2 4 5 6 7 9 |  9.6
Staves         | 1 2 4 5 6 7 9 |  9.6
Ranged Weapons | 1 2 4 5 6 7 9 |  9.6
Throwing       | 1 2 4 5 6 7 9 |  9.6
Shields        | 1 2 4 5 6 7 9 |  9.6
Unarmed Combat | 1 2 4 5 6 7 9 |  9.6
Spellcasting   | 1 2 4 5 6 7 9 |  9.6
Shapeshifting  | 1 2 3 4 5 6 7 8 |  8.8
Conjurations   | 1 2 3 4 5 6 7 8 |  8.1
Hexes          | 1 2 3 4 5 6 7 8 |  8.1
Summonings     | 1 2 3 4 5 6 7 8 |  8.1
Necromancy     | 1 2 3 4 5 6 7 8 |  8.1
Translocations | 1 2 3 4 5 6 7 8 |  8.1
Transmutations | 1 2 3 4 5 6 7 8 |  8.1
Fire Magic     | 1 2 3 4 5 6 7 8 |  8.1
Ice Magic      | 1 2 3 4 5 6 7 8 |  8.1
Air Magic      | 1 2 3 4 5 6 7 8 |  8.1
Earth Magic    | 1 2 3 4 5 6 7 8 |  8.1
Poison Magic   | 1 2 3 4 5 6 7 8 |  8.1
Fighting       | 3 4 5 6 7 8 9 10 | 10.0
Dodging        | 3 4 5 6 7 8 9 10 | 10.0
Stealth        | 3 4 5 6 7 8 9 10 | 10.0
Armour         | 5 6 7 8 9 10 | 10.7
Evocations     | 7 8 9 10 11 | 11.6

Action                     |  1- 3 |  4- 6 |  7- 9 | 10-12 | 13-15 || total
---------------------------+-------+-------+-------+-------+-------++-------
  Melee: Club              |   182 |    36 |       |       |       ||   218
         Punch             |     3 |     5 |    15 |    28 |       ||    51
         Bite              |    16 |    21 |    47 |    84 |    65 ||   233
         Dagger            |       |   173 |   202 |       |       ||   375
         Broad axe         |       |       |   234 |   606 |   387 ||  1227
 Invoke: Recall Ancestor   |       |       |       |     2 |     4 ||     6
         Ancestor Life: Ba |       |       |       |     1 |       ||     1
  Evoke: Wand              |       |     3 |    21 |    50 |    16 ||    90
    Use: Scroll            |       |       |    10 |     9 |     9 ||    28
         Potion            |       |       |       |     4 |     1 ||     5
   Stab: Sleeping          |     5 |    10 |     7 |     6 |     7 ||    35
         Distracted        |       |       |     1 |     5 |    14 ||    20
         Invisible         |       |       |       |     2 |       ||     2
 Armour: Leather armour    |    71 |    51 |   150 |    53 |       ||   325
         Ring mail         |       |       |       |   224 |   185 ||   409
  Dodge: Dodged            |   181 |   145 |   340 |   612 |   320 ||  1598
  Block: Buckler           |       |       |       |    99 |   195 ||   294

Table legend: (Time is in decaauts)
 A = Elapsed time spent in this place.
 B = Non-inter-level travel time spent in this place.
 C = Inter-level travel time spent in this place.
 D = Time resting spent in this place.
 E = Time spent auto-exploring this place.
 F = Levels seen in this place.
 G = Mean time per level.
                   A        B        C        D        E       F      G
               +--------+--------+--------+--------+--------+-----+--------+
         Total |  30556 |  29776 |    780 |   5649 |  19067 |  21 | 1455.0 |
       Dungeon |  22433 |  21749 |    684 |   5007 |  12866 |  13 | 1725.6 |
        Temple |    101 |    101 |      0 |      0 |     91 |   1 |  101.0 |
          Lair |   7415 |   7320 |     95 |    451 |   5886 |   5 | 1483.0 |
         Abyss |    605 |    605 |      0 |    191 |    224 |   2 |  302.5 |
               +--------+--------+--------+--------+--------+-----+--------+

Top non-repeatable levels by time:
    D:10: 3988 daAuts
     D:8: 3290 daAuts
     D:9: 2662 daAuts
    D:11: 2401 daAuts
     D:6: 2019 daAuts
  Lair:4: 1827 daAuts
  Lair:3: 1693 daAuts
  Lair:5: 1636 daAuts
     D:5: 1367 daAuts
     D:1: 1301 daAuts
  Lair:1: 1230 daAuts
    D:12: 1161 daAuts
     D:4: 1118 daAuts
     D:2: 1085 daAuts
     D:7: 1049 daAuts
